 Dungeon Crawl Stone Soup version 0.28-a0-563-gf77a47075d (webtiles) character file.

Game seed: 9152339780132694185

19063 siradein the Covert (level 12, -3/51 HPs)
             Began as a Spriggan Enchanter on Sept 30, 2021.
             Was a Priest of Dithmenos.
             Slain by a cyan ugly thing (13 damage)
             ... in a Gauntlet on Oct 1, 2021.
             The game lasted 00:59:18 (19814 turns).

siradein the Covert (Spriggan Enchanter)           Turns: 19814, Time: 00:59:18

Health: -3/51      AC:  6    Str:  4    XL:     12   Next: 33%
Magic:  13/27      EV: 23    Int: 19    God:    Dithmenos [***...]
Gold:   731        SH:  0    Dex: 18    Spells: 21/32 levels left

rFire   . . .      SeeInvis +   q - +0 rapier (venom)
rCold   . . .      Faith    .   (shield restricted)
rNeg    . . .      Spirit   .   P - +0 troll leather armour
rPois   +          Reflect  .   (helmet restricted)
rElec   .          Harm     .   L - +1 cloak {rPois}
rCorr   .          Rampage  .   (gloves unavailable)
Will    +++..      NoTele   +   (boots unavailable)
Stlth   ++++++++..              (no amulet)
HPRegen 1.17/turn               l - ring of willpower
MPRegen 0.20/turn               M - ring of flight

@: flying, wreathed by umbra, very quick
A: very small, no large weapons, unfitting armour, see invisible, speed 3
a: Renounce Religion, Shadow Step


You were in a Gauntlet.
You worshipped Dithmenos.
Dithmenos was most pleased with you.
You visited 3 branches of the dungeon, and saw 13 of its levels.
You also visited: Gauntlet.

You collected 731 gold pieces.

Inventory:

Hand Weapons
 q - a +0 rapier of venom (weapon)
 u - the +8 rapier "Zuaw Hur" {freeze, Int+3 Dex+3}
   (You found it on level 10 of the Dungeon)

   It freezes those it strikes, dealing additional cold damage.
   It can also slow down cold-blooded creatures.
   Int:       It affects your intelligence (+3).
   Dex:       It affects your dexterity (+3).
 E - a +0 hunting sling
Missiles
 b - a throwing net
 e - 63 sling bullets
 f - 343 stones
 k - 98 poisoned darts
 y - a curare-tipped dart
 B - 7 boomerangs
 K - 13 javelins
 N - 2 silver boomerangs
Armour
 L - a +1 cloak of poison resistance (worn)
 P - a +0 troll leather armour (worn)
Jewellery
 l - a ring of willpower (left hand)
 m - a ring of resist corrosion
 M - a ring of flight (right hand)
Wands
 G - a wand of flame (36)
 I - a wand of acid (6)
 J - a wand of digging (1)
Scrolls
 d - a scroll of brand weapon {unknown}
 g - 6 scrolls of teleportation
 n - 2 scrolls of amnesia {unknown}
 p - a scroll of noise {unknown}
 s - a scroll of fear {unknown}
 v - 2 scrolls of holy word
 C - a scroll of immolation {unknown}
 D - a scroll of silence {unknown}
 F - a scroll of blinking
 H - 2 scrolls of magic mapping
Potions
 a - 2 potions of flight
 c - 2 potions of invisibility
 h - a potion of mutation
 i - 3 potions of resistance
 j - 3 potions of heal wounds
 o - 5 potions of curing
 r - 4 potions of might
 t - 2 potions of brilliance {unknown}
 w - 4 potions of cancellation {unknown}
 x - 2 potions of lignification {unknown}
 A - 2 potions of ambrosia {unknown}


   Skills:
 + Level 9.7 Short Blades
 + Level 11.8 Dodging
 + Level 14.2 Stealth
 + Level 10.8 Spellcasting
 + Level 11.3 Hexes
 + Level 5.9 Invocations


You had 21 spell levels left.
You knew the following spells:

 Your Spells              Type           Power      Damage    Failure   Level
a - Ensorcelled Hibernat  Hex/Ice        62%        N/A       1%          2
b - Tukima's Dance        Hex            52%        N/A       1%          3
c - Dazzling Flash        Conj/Hex       62%        N/A       3%          3
d - Confusing Touch       Hex            52%        N/A       1%          3

Your spell library contained the following spells:

 Spells                   Type           Power      Damage    Failure   Level
 Animate Skeleton         Necr           20%        N/A       12%         1
 Apportation              Tloc           20%        N/A       12%         1
 Beastly Appendage        Tmut           20%        N/A       12%         1
 Pain                     Necr           40%        1d6       12%         1
 Shock                    Conj/Air       40%        1d5       12%         1
 Summon Small Mammal      Summ           40%        N/A       12%         1
 Wereblood                Tmut           10%        N/A       19%         2
 Silence                  Hex/Air        15%        N/A       32%         5
 Gell's Gravitas          Tloc           5%         N/A       36%         3
 Spider Form              Tmut/Pois      5%         N/A       36%         3
 Swiftness                Air            10%        N/A       36%         3
 Teleport Other           Tloc           10%        N/A       36%         3
 Vampiric Draining        Necr           5%         2d6       36%         3
 Airstrike                Air            5%         N/A       77%         4
 Agony                    Necr           10%        N/A       98%         5
 Alistair's Intoxication  Tmut/Pois      6%         N/A       98%         5
 Borgnjor's Vile Clutch   Necr/Erth      5%         N/A       98%         5
 Dispersal                Tloc           5%         N/A       100%        6
 Eringya's Noxious Bog    Tmut/Pois      5%         N/A       100%        6


Dungeon Overview and Level Annotations

Branches:
Dungeon (11/15)            Temple (1/1) D:7            Lair (1/6) D:10
    Orc (0/2) D:9         Gauntlet (1/1)

Altars:
Ashenzari
Cheibriados
Dithmenos
Elyvilon
Fedhas
Gozag
Hepliaklqana
Kikubaaqudgha
Makhleb
Nemelex Xobeh
Okawaru
Qazlal
Ru
Sif Muna
Trog
Uskayaw
Vehumet
Wu Jian
Xom
Yredelemnul
Zin
The Shining One
Beogh

Annotations:
D:7 1 runed translucent door Gauntlet 11 transporters


Innate Abilities, Weirdness & Mutations

You are very small and have problems with some larger weapons.
You are too small for most types of armour.
You have supernaturally acute eyesight. (SInv)
You cover ground extremely quickly. (Speed+++)


Message History

The cyan ugly thing resists with some effort.
The cyan ugly thing kicks you! The cyan ugly thing shocks you!
* * * LOW HITPOINT WARNING * * *
Casting: Ensorcelled Hibernation (safe; 1% risk of failure)
Confirm with . or Enter, or press ? or * to list all spells.
Aiming: Ensorcelled Hibernation (safe; 1% risk of failure)
Press: ? - help, Shift-Dir - straight line, f/p - cyan ugly thing
Aim: a cyan ugly thing (blind, umbra, chance to affect: 42%)
The cyan ugly thing resists with some effort.
The cyan ugly thing closely misses you.
Casting: Ensorcelled Hibernation (safe; 1% risk of failure)
Confirm with . or Enter, or press ? or * to list all spells.
Aiming: Ensorcelled Hibernation (safe; 1% risk of failure)
Press: ? - help, Shift-Dir - straight line, f/p - cyan ugly thing
Aim: a cyan ugly thing (blind, umbra, chance to affect: 42%)
The cyan ugly thing resists with some effort.
The cyan ugly thing completely misses you.
Casting: Ensorcelled Hibernation (safe; 1% risk of failure)
Confirm with . or Enter, or press ? or * to list all spells.
Aiming: Ensorcelled Hibernation (safe; 1% risk of failure)
Press: ? - help, Shift-Dir - straight line, f/p - cyan ugly thing
Aim: a cyan ugly thing (blind, umbra, chance to affect: 42%)
The cyan ugly thing resists with some effort.
The glowing orange brain is no longer blind.
The cyan ugly thing barely misses you.
Casting: Ensorcelled Hibernation (safe; 1% risk of failure)
Confirm with . or Enter, or press ? or * to list all spells.
Aiming: Ensorcelled Hibernation (safe; 1% risk of failure)
Press: ? - help, Shift-Dir - straight line, f/p - cyan ugly thing
Aim: a cyan ugly thing (blind, umbra, chance to affect: 42%)
The cyan ugly thing resists with some effort.
The cyan ugly thing is no longer blind.
The cyan ugly thing misses you.
Casting: Ensorcelled Hibernation (safe; 1% risk of failure)
Confirm with . or Enter, or press ? or * to list all spells.
Aiming: Ensorcelled Hibernation (safe; 1% risk of failure)
Press: ? - help, Shift-Dir - straight line, f/p - cyan ugly thing
Aim: a cyan ugly thing (umbra, chance to affect: 42%)
The cyan ugly thing resists with some effort.
The cyan ugly thing kicks you!
You die...

#############
#######≈#≈#≈#≈#≈#≈###############
§#≈#≈#.............#≈#≈#≈#≈#≈#≈#≈
.........∩..8..∩.................
.....8......©......8.....8.....8.
.......###########.......©.......
####...#.....^.u@#...#########...
..##...#^#.#^#.#G#...###Z....#...
##Y#...#..#.#^#..#...###.###.#...
..##...#.#.#.#.#.#...#k#..##.#...
#Y##.8.#..#.©.#..#.8.#Z..©...#.8.
.#.#...#.#.#.#.#^#...#Z##.Z#.#...
##.#...#^.#^#^#..#...#.###(###...
.?##...#.#.#.#.#.#...#.=.©(###...
####...#^^=.©)(.^#...#########...


You could see a death drake, a cyan ugly thing, a glowing orange brain, a harpy
zombie and a hornet zombie.

Vanquished Creatures
  Harold (D:6)
  The ghost of meatgazer the Fighter, a novice OgBe of Trog (D:7)
  A boulder beetle (D:11)
  2 two-headed ogres
  Urug (D:11)
  The ghost of crescentfresh the Ruffian, a novice TrMo (D:5)
  Pikel (D:6)
  A cyclops (D:11)
  Maurice (D:8)
  Joseph (D:7)
  Psyche (D:8)
  A kobold demonologist (D:11)
  A komodo dragon (Lair:1)
  2 trolls (D:11)
  Prince Ribbit (D:7)
  A hornet (D:9)
  Sigmund (D:4)
  13 yaks
  2 vampires
  A wraith (D:8)
  Eustachio (D:5)
  3 wyverns (D:10)
  Grum (D:8)
  2 basilisks (D:10)
  5 steam dragons
  6 vampire mosquitoes
  An acid dragon (D:11)
  5 water moccasins
  2 sky beasts
  7 orc warriors
  2 necrophages
  2 wolves (D:8)
  A centaur (D:6)
  2 ogres (D:6)
  3 kobold brigands
  Blork the orc (D:5)
  A scorpion (D:7)
  2 wights (D:10)
  11 killer bees
  3 howler monkeys
  An electric eel (D:9)
  11 centaur zombies
  8 orc priests
  A bullfrog zombie (D:5)
  2 human zombies
  A jelly (D:6)
  A gnoll shaman (D:8)
  5 hounds
  An iguana (D:10)
  12 orc wizards
  A hound skeleton (D:4)
  A mummy (D:10)
  A howler monkey zombie (D:8)
  3 gnolls (D:4)
  A howler monkey skeleton (D:4)
  4 adders
  2 shadow imps (D:5)
  4 white imps
  5 worms
  2 dart slugs
  30 orcs
  6 endoplasms
  4 giant cockroaches
  3 goblins
  4 hobgoblins
  2 quokkas
  6 ball pythons
  7 bats
  4 frilled lizards
  A jackal skeleton (D:7)
  16 kobolds
  A kobold zombie (D:7)
  5 rats
252 creatures vanquished.

Vanquished Creatures (collateral kills)
  2 orc warriors (D:7)
  Crazy Yiuf (D:7)
  4 gnolls (D:8)
  11 orcs
  A hobgoblin (D:2)
  3 kobolds
22 creatures vanquished.

Vanquished Creatures (others)
  11 dancing weapons
  A kobold (D:1)
  A rat (D:1)
  A bush (D:10)
  2 demonic plants (Gauntlet)
  3 fungi
  8 plants (D:10)
27 creatures vanquished.

Grand Total: 301 creatures vanquished

Notes
Turn   | Place    | Note
-------+----------+-------------------------------------------
     0 | D:1      | siradein the Spriggan Enchanter began the quest for the
                  | Orb.
     0 | D:1      | Reached XP level 1. HP: 9/9 MP: 5/5
   394 | D:1      | Found a faded altar of an unknown god.
   966 | D:1      | Reached XP level 2. HP: 13/13 MP: 6/6
   969 | D:1      | Learned a level 2 spell: Ensorcelled Hibernation
  2274 | D:2      | Reached XP level 3. HP: 16/16 MP: 8/8
  2286 | D:2      | Learned a level 3 spell: Tukima's Dance
  2290 | D:2      | Learned a level 3 spell: Dazzling Flash
  2358 | D:2      | Reached skill level 5 in Stealth
  2370 | D:2      | Found a broken altar of Ashenzari.
  3153 | D:2      | Reached XP level 4. HP: 21/21 MP: 10/10
  4011 | D:4      | Noticed Sigmund
  4021 | D:4      | Killed Sigmund
  4022 | D:4      | Reached skill level 6 in Stealth
  4022 | D:4      | Reached XP level 5. HP: 24/24 MP: 5/12
  4028 | D:4      | Reached XP level 6. HP: 28/28 MP: 4/13
  4101 | D:4      | Learned a level 3 spell: Confusing Touch
  4300 | D:4      | Found an ornate altar of the Wu Jian Council.
  4366 | D:4      | Reached skill level 5 in Hexes
  4725 | D:4      | Found an opulent altar of Gozag.
  5242 | D:5      | Entered Level 5 of the Dungeon
  5309 | D:5      | HP: 1/28 [shadow imp/nerve-wracking pain (12)]
  5319 | D:5      | Noticed Blork the orc
  5325 | D:5      | Killed Blork the orc
  5694 | D:5      | Reached skill level 5 in Dodging
  5694 | D:5      | Reached XP level 7. HP: 28/32 MP: 13/15
  5744 | D:5      | Noticed Eustachio
  5760 | D:5      | Killed Eustachio
  5761 | D:5      | Reached skill level 7 in Stealth
  5761 | D:5      | Reached skill level 5 in Spellcasting
  6321 | D:5      | Identified the +3 leather armour "Ifarut" {rElec Str+4}
  6344 | D:5      | Reached XP level 8. HP: 29/36 MP: 14/17
  6402 | D:5      | Found a runed translucent door.
  6407 | D:5      | Noticed crescentfresh's ghost (novice TrMo)
  6417 | D:5      | Reached skill level 8 in Stealth
  6736 | D:6      | Noticed Pikel
  6745 | D:6      | Killed Pikel
  6746 | D:6      | Reached skill level 5 in Short Blades
  6746 | D:6      | Reached skill level 9 in Stealth
  6870 | D:6      | Found a stormy altar of Qazlal.
  6873 | D:6      | Found a hazy altar of Hepliaklqana.
  7034 | D:6      | Found a sparkling altar of Nemelex Xobeh.
  7077 | D:6      | Noticed a +0 falchion
  7078 | D:6      | Noticed a +0 spear
  7078 | D:6      | Noticed a +0 dagger
  7078 | D:6      | Noticed a +0 short sword
  7078 | D:6      | Noticed a +0 short sword
  7078 | D:6      | Noticed a +0 falchion
  7079 | D:6      | Noticed a +0 spear
  7080 | D:6      | Noticed a +0 dagger
  7094 | D:6      | Found a hide-covered altar of Uskayaw.
  7257 | D:6      | Reached XP level 9. HP: 15/39 MP: 14/20
  7864 | D:6      | You fall into a shaft and drop 1 floor!
  8185 | D:7      | Found a runed translucent door.
  8186 | D:7      | Noticed Crazy Yiuf
  8200 | D:7      | Found a shimmering altar of Xom.
  8211 | D:7      | Found a staircase to the Ecumenical Temple.
  8211 | D:7      | Noticed Joseph
  8225 | D:7      | Noticed Prince Ribbit
  8231 | D:7      | Noticed Harold
  8640 | D:7      | Reached skill level 10 in Stealth
  8702 | D:7      | Killed Prince Ribbit
  8744 | Temple   | Entered the Ecumenical Temple
  8991 | Temple   | Became a worshipper of Dithmenos the Shadowed
  9777 | D:7      | Found a runed translucent door.
  9782 | D:7      | Found a basalt altar of Yredelemnul.
 10627 | D:6      | Killed Harold
 11199 | D:7      | Killed Joseph
 11200 | D:7      | Reached skill level 11 in Stealth
 11200 | D:7      | Reached XP level 10. HP: 44/44 MP: 17/23
 11290 | D:7      | Found a runed translucent gate.
 11291 | D:7      | Found a runed translucent gate.
 11292 | D:7      | Found a runed translucent gate.
 11292 | D:7      | Noticed meatgazer's ghost (novice OgBe)
 11561 | D:8      | Noticed Grum
 11839 | D:8      | Noticed Psyche
 11851 | D:8      | Noticed Maurice
 11913 | D:8      | Killed Psyche
 11914 | D:8      | Reached skill level 1 in Invocations
 11964 | D:8      | Killed Maurice
 12584 | D:8      | Killed Grum
 13677 | D:5      | Killed crescentfresh's ghost
 13677 | D:5      | Reached * piety under Dithmenos
 14011 | D:7      | Killed Crazy Yiuf
 14606 | D:7      | Reached skill level 12 in Stealth
 14642 | D:7      | Killed meatgazer's ghost
 14643 | D:7      | Reached skill level 10 in Dodging
 14917 | D:9      | Found a staircase to the Orcish Mines.
 14932 | D:9      | Found a blossoming altar of Fedhas.
 15071 | D:9      | Noticed a two-headed ogre
 15082 | D:9      | Killed a two-headed ogre
 15083 | D:9      | Reached XP level 11. HP: 24/47 MP: 7/25
 16604 | D:10     | Entered Level 10 of the Dungeon
 16715 | D:10     | Found a staircase to the Lair.
 16753 | D:10     | Reached skill level 10 in Hexes
 16823 | D:10     | Reached ** piety under Dithmenos
 17231 | D:10     | Identified the +8 rapier "Zuaw Hur" {freeze, Int+3 Dex+3}
 17241 | D:10     | Found a glowing golden altar of the Shining One.
 17241 | D:10     | Found a shimmering blue altar of Sif Muna.
 17397 | D:10     | Reached skill level 13 in Stealth
 17636 | D:10     | Found a snail-covered altar of Cheibriados.
 18126 | D:10     | Found an ancient bone altar of Kikubaaqudgha.
 18133 | D:10     | Reached skill level 10 in Spellcasting
 18187 | D:10     | Reached skill level 5 in Invocations
 18250 | D:11     | Reached *** piety under Dithmenos
 18611 | D:11     | Noticed a boulder beetle
 18691 | D:11     | Reached XP level 12. HP: 49/51 MP: 27/27
 18784 | D:11     | Killed a boulder beetle
 18920 | D:11     | Noticed a two-headed ogre
 18921 | D:11     | Noticed Urug
 18927 | D:11     | Killed Urug
 18928 | D:11     | Reached skill level 14 in Stealth
 18940 | D:11     | Killed a two-headed ogre
 19420 | Lair:1   | Entered Level 1 of the Lair of Beasts
 19494 | Lair:1   | Found a gate leading to a gauntlet.
 19519 | Gauntlet | Entered a Gauntlet
 19519 | Gauntlet | Found a transporter.
 19533 | Gauntlet | Noticed a dire elephant
 19536 | Gauntlet | Found a transporter.
 19554 | Gauntlet | Found a transporter.
 19557 | Gauntlet | Found a transporter.
 19579 | Gauntlet | Found a transporter.
 19592 | Gauntlet | Found a transporter.
 19603 | Gauntlet | Found a transporter.
 19604 | Gauntlet | Found a transporter.
 19627 | Gauntlet | Found a transporter.
 19656 | Gauntlet | Found a transporter.
 19656 | Gauntlet | Found a transporter.
 19661 | Gauntlet | Found a transporter.
 19814 | Gauntlet | Slain by a cyan ugly thing

Illustrated notes

Levels and vault maps discovered:
D:1:      eino_arrival_tree_alley, layout_loops_ring,
          ebering_ecumenical_altar_box, hangedman_decor_opposing,
          lemuel_flame_loot_1
D:2:      wander_river, layout_rooms, basic_altar, ebering_dispersal_statue_hall
D:3:      layout_loops_ring, grunt_ministairs_1
D:4:      layout_rooms, mainiacjoe_overflow_alcove_1,
          mainiacjoe_overflow_six_doors_small, uniq_sigmund
D:5:      layout_cave_pools, ebering_ghost_reflecting_pool, uniq_blork_the_orc,
          uniq_eustachio
D:6:      layout_rooms, nemelex_xobeh_ov_fountains_minmay,
          mainiacjoe_overflow_catwalk_spiral, nicolae_uskayaw_en_pointe,
          uniq_pikel
D:7:      layout_rooms, overflow_temple_1_default, dk_yredelemnul_ordeal,
          minmay_temple_entry_overgrown, biasface_ghost_orc_armoury,
          chequers_serial_rivers_room_a, uniq_joseph, uniq_harold,
          uniq_prince_ribbit1, uniq_crazy_yiuf_cottage
D:8:      minmay_spotlight, layout_gridville, kennysheep_generic_room_9,
          uniq_grum, uniq_psyche, uniq_maurice
D:9:      layout_loops_ring, fedhas_altar_2, david_orc_3,
          kennysheep_small_spiral, kennysheep_generic_room_13
D:10:     layout_basic, lemuel_round_altar, jmf_multi_god_temple,
          lemuel_mausoleum_altar_kikubaaqudgha, minmay_lair_entry_grove
D:11:     layout_small_grid, lightli_minifort, uniq_urug
Temple:   compressed_dpeg_triangle_lava_temple
Lair:1:   layout_roguey, gauntlet_entry_generic, lemuel_fruit_tree, uniq_maggie
Gauntlet: minmay_gauntlet_mixed_oops_all_seconds
          [minmay_gauntlet_arena_77_p_blocks, gammafunk_gauntlet_arena_grid,
          minmay_gauntlet_arena_77_mess, gammafunk_gauntlet_arena_open,
          minmay_gauntlet_arena_77_mirror, gammafunk_gauntlet_arena_mazey,
          nicolae_gauntlet_exit_dead_adventurers]

Skill      XL: |  1  2  3  4  5  6  7  8  9 10 11 12 |
---------------+-------------------------------------+-----
Dodging        | 3 4 5 6 7 8 10 11 | 11.8
Spellcasting   | 3 4 5 6 8 9 10 | 10.8
Hexes          | 4 5 6 7 8 9 10 11 | 11.3
Stealth        | 5 6 7 9 11 12 13 14 | 14.2
Short Blades   | 2 3 4 5 7 8 9 |  9.7
Invocations    | 3 5 |  5.9

Action                   |  1- 3 |  4- 6 |  7- 9 | 10-12 || total
-------------------------+-------+-------+-------+-------++-------
Melee: Dagger            |   108 |    36 |       |       ||   144
       Rapier            |       |    60 |   148 |   453 ||   661
 Fire: Hunting sling     |       |       |    18 |    19 ||    37
Throw: Stone             |    11 |    34 |     5 |       ||    50
 Cast: Ensorcelled Hiber |     5 |    15 |    64 |    68 ||   152
       Tukima's Dance    |     1 |     1 |    19 |    65 ||    86
       Confusing Touch   |       |     1 |     9 |    20 ||    30
       Dazzling Flash    |       |       |       |     4 ||     4
  Use: Scroll            |       |     4 |     1 |     8 ||    13
 Stab: Sleeping          |    12 |    19 |    32 |    53 ||   116
       Confused          |       |       |     6 |    24 ||    30
       Distracted        |       |       |       |     4 ||     4
       Invisible         |       |       |       |     3 ||     3
Armor: Robe              |     9 |    13 |     4 |       ||    26
       Steam dragon scal |       |       |     3 |    36 ||    39
       Troll leather arm |       |       |       |     3 ||     3
Dodge: Dodged            |    81 |    85 |   120 |   357 ||   643

Table legend: (Time is in decaauts)
 A = Elapsed time spent in this place.
 B = Non-inter-level travel time spent in this place.
 C = Inter-level travel time spent in this place.
 D = Time resting spent in this place.
 E = Time spent auto-exploring this place.
 F = Levels seen in this place.
 G = Mean time per level.
                   A        B        C        D        E       F      G
               +--------+--------+--------+--------+--------+-----+--------+
         Total |  16128 |  15876 |    252 |   4485 |   8116 |  14 | 1152.0 |
       Dungeon |  15719 |  15467 |    252 |   4485 |   7895 |  11 | 1429.0 |
        Temple |    158 |    158 |      0 |      0 |    126 |   1 |  158.0 |
          Lair |     67 |     67 |      0 |      0 |      0 |   1 |   67.0 |
      Gauntlet |    183 |    183 |      0 |      0 |     94 |   1 |  183.0 |
               +--------+--------+--------+--------+--------+-----+--------+

Top non-repeatable levels by time:
     D:7: 2735 daAuts
     D:1: 2080 daAuts
     D:4: 1643 daAuts
     D:6: 1621 daAuts
     D:8: 1616 daAuts
     D:5: 1541 daAuts
    D:10: 1374 daAuts
     D:9: 1120 daAuts
    D:11: 803 daAuts
     D:2: 609 daAuts
     D:3: 574 daAuts
Gauntlet: 183 daAuts
  Temple: 158 daAuts
  Lair:1: 67 daAuts
